AoeStats
← November_jp

Arabia

510912434Analyzed
1v1 RM · 7h ago on Oct 3, 2026· 22m 22s· 2 players
Game mode
Random Map
Map size
Tiny (2 player)
Population
200
Speed
Normal
Resources
Standard
Victory
Conquest
Starting age
Dark Age
Ending age
Imperial Age
RankedLock teamsTeams togetherTeam positionsShared explorationLock speedFull tech treeHidden civsTurbo modeCheats
Victory
Defeat
🇲🇽 Poles · Mexico
787
+16
🇰🇷 Poles · South Korea
791
-40
Carlos Card Captor
1:58 Loom
10:24 Feudal Age
10:52 Double-Bit Axe
10:48 Horse Collar
16:04 Bloodlines
16:57 Forging
16:53 Scale Barding Armor
21:18 Castle Age
22:49 Scale Mail Armor
23:27 Iron Casting
November_jp
10:55 Feudal Age
12:26 Wheelbarrow
11:47 Gold Mining
11:44 Double-Bit Axe
13:10 Horse Collar
19:45 Castle Age
22:04 Heavy Plow
22:15 Squires
Connection lost

Rejoining the realm…

Still unreachable

The connection could not be restored.

Session expired

The server has moved on; the page needs a fresh start.